 Dungeon Crawl Stone Soup version 0.29.1-2-gbd0b4ee654 (webtiles) character file.

Game seed: 12797128387965528823

1521 mortz the Trooper (level 9, -4/68 HPs)
             Began as a Djinni Conjurer on Nov 22, 2022.
             Slain by an unseen horror (6 damage)
             ... on level 7 of the Dungeon on Nov 23, 2022.
             The game lasted 00:48:02 (8113 turns).

mortz the Trooper (Djinni Conjurer)                 Turns: 8113, Time: 00:48:03

Health: -4/68      AC:  8    Str:  6    XL:     9   Next: 10%
Gold:   418        EV: 14    Int: 24    God:
                   SH:  0    Dex: 18

rFire   + + +      SeeInvis .   e - +1 dagger (protect)
rCold   . . .      Faith    .   (no shield)
rNeg    . . .      Spirit   .   u - +3 robe of the Monkey's Uncle {rElec MP+9}
rPois   ∞          Reflect  .   n - +2 helmet
rElec   +          Harm     .   K - scarf {rC+ rF+}
rCorr   .          Rampage  .   (no gloves)
Will    .....                   (boots unavailable)
Stlth   ++........              E - amulet of regeneration
HPRegen 1.01/turn               f - +6 ring of dexterity
MPRegen 0.00/turn               (no ring)

@: flying
A: sickness immunity, fire resistance 2, cold vulnerability 1, float, innate
caster, HP casting, extra vitality 1
a: no special abilities


You were on level 7 of the Dungeon.
You visited 2 branches of the dungeon, and saw 8 of its levels.
You also visited: Sewer.

You collected 418 gold pieces.

Inventory:

Hand Weapons
 e - a +1 dagger of protection (weapon)
 h - a +0 short sword
 m - a +0 dagger
 q - a +0 short sword
 y - a +0 hand axe
 F - a +0 trident
Missiles
 t - 13 javelins
 L - 2 boomerangs
Armour
 i - a +0 scale mail
 j - a +0 leather armour
 n - a +2 helmet (worn)
 o - a +0 chain mail
 r - a scarf of shadows
 u - the +3 robe of the Monkey's Uncle (worn) {rElec MP+9}
   (You took it off a goblin on level 2 of the Dungeon)

   rElec:     It insulates you from electricity.
   MP:        It affects your magic capacity (+9).
 z - a +0 ring mail
 C - a +2 chain mail of positive energy
 D - a +0 cloak
 K - a scarf of resistance (worn)
Jewellery
 f - a +6 ring of dexterity (left hand)
 k - an amulet of reflection
 E - an amulet of regeneration (around neck)
 G - an amulet of faith
Wands
 d - a wand of mindburst (15)
Scrolls
 c - 3 scrolls of enchant weapon
 g - a scroll of fog {unknown}
 s - a scroll of teleportation
 v - a scroll of blinking
 w - 3 scrolls of noise {unknown}
 J - 2 scrolls of enchant armour
 M - a scroll of immolation {unknown}
Potions
 a - 3 potions of curing
 b - a potion of might {unknown}
 l - 3 potions of haste
 p - a potion of brilliance
 x - 2 potions of lignification
 A - 3 potions of attraction
 B - a potion of cancellation {unknown}
 H - a potion of berserk rage {unknown}
 I - a potion of heal wounds {unknown}


   Skills:
 * Level 7.1 Fighting
 + Level 4.0 Dodging
 - Level 1.5 Stealth
 * Level 6.4 Spellcasting


You couldn't memorise any spells.
You knew the following spells:

 Your Spells              Type           Power      Damage    Failure   Level
a - Magic Dart            Conj           100%       1d8       1%          1
b - Searing Ray           Conj           76%        2d7       1%          2
c - Dazzling Flash        Conj/Hex       76%        N/A       1%          3
d - Fulminant Prism       Conj/Hex       19%        3d11      5%          4
f - Necrotise             Necr           100%       1d9       1%          1
g - Static Discharge      Conj/Air       38%        3-8/arc   1%          2
h - Lesser Beckoning      Tloc           38%        N/A       1%          3
i - Passage of Golubria   Tloc           38%        N/A       5%          4
I - Iskenderun's Mystic   Conj/Tloc      38%        2d9       5%          4
Your spell library was empty.

Dungeon Overview and Level Annotations

Branches:
Dungeon (7/15) Zot: 26777  Temple (1/1) D:7 Zot: 5718   Sewer (visited)

Altars:
Ashenzari
Cheibriados
Dithmenos
Elyvilon
Fedhas
Gozag
Hepliaklqana
Nemelex Xobeh
Okawaru
Qazlal
Trog
Uskayaw
Wu Jian
Xom
Yredelemnul
Zin
The Shining One

Shops:
D:6 :

Annotations:
D:4 3 runed translucent doors, Icepheonix32's ghost, novice OpTm
D:5 1 runed translucent door, Crazy Yiuf
D:6 exclusion: downstairs
D:7 Maggie


Innate Abilities, Weirdness & Mutations

You are immune to sickness and miasma.
You are immune to poison.
Your flesh is very heat resistant. (rF++)
You are vulnerable to cold. (rC-)
You float through the air rather than walking.
You learn spells naturally, not from books.
Your magical power is your life essence.
You have superior vitality. (+4 MHP)


Message History

The mystic blast hits the vampire but does no damage.
* * * LOW HITPOINT WARNING * * *
You hear an angry hiss.
You hear a howl!
The vampire closely misses you. The vampire attacks as you move away!
The vampire hits you.
* * * LOW HITPOINT WARNING * * *
The vampire bites you!
* * * LOW HITPOINT WARNING * * *
Casting: Iskenderun's Mystic Blast (dangerous; 5% risk of failure)
Confirm with . or Enter, or press ? or * to list all spells.
You erupt in a blast of force!
The mystic blast hits the orc wizard!
You kill the orc wizard!
The mystic blast hits the vampire.
The vampire is severely damaged.
The vampire is knocked back by the mystic blast.
* * * LOW HITPOINT WARNING * * *
You hear a shout!
A howler monkey comes into view.
The vampire attacks as you move away! The vampire completely misses you.
The vampire casts a spell at you. You resist with some effort.
Your magical contamination has completely faded away.
The howler monkey hoots and howls with incredible vigour!
You hear a bark!
You hear a shout! x2
Something hits you.
* * * LOW HITPOINT WARNING * * *
Something hits you.
* * * LOW HITPOINT WARNING * * *
Something barely misses you. Something hits you.
* * * LOW HITPOINT WARNING * * *
Something hits you but does no damage. x2
Something hits you!
* * * LOW HITPOINT WARNING * * *
Something hits you but does no damage. Something hits you.
* * * LOW HITPOINT WARNING * * *
Something hits you.
* * * LOW HITPOINT WARNING * * *
Something barely misses you. Something hits you.
You die...

##.....##.....#
##)..##..##....#
#....##h..##...######
....h...#V.#...h....#
.####..###.#........+
...........h...#V...#
......###..#...#....#
.)......#..#...#....#
#.....#...##.###@...#
##..###..##....#....# .#
###h....##.....#....#..#
....###......'.<..#..#
....##...######....+..#
......##.. #....#..# .#.
## #.......# # #.......#
#.#...#.#


You could see a vampire and a howler monkey.

Vanquished Creatures
  A vampire mosquito (D:7)
  2 water moccasins
  2 sky beasts (D:6)
  A centaur (D:7)
  2 necrophages (D:6)
  A bullfrog (D:7)
  3 scorpions
  A howler monkey (D:7)
  3 hounds (D:5)
  2 iguanas
  Ijyb (D:3)
  4 orc wizards
  3 adders
  7 gnolls (D:6)
  A river rat (D:5)
  A white imp (D:6)
  5 worms
  2 dart slugs (D:1)
  18 orcs
  2 ball pythons
  6 bats
  13 endoplasms
  7 giant cockroaches
  7 hobgoblins
  7 jackals
  6 kobolds
  3 quokkas
  6 frilled lizards
  12 goblins
  10 rats
139 creatures vanquished.

Vanquished Creatures (others)
  5 plants (D:4)
5 creatures vanquished.

Grand Total: 144 creatures vanquished

Notes
Turn   | Place    | Note
-------+----------+-------------------------------------------
     0 | D:1      | mortz the Djinni Conjurer began the quest for the Orb.
     0 | D:1      | mortz set off with the following spells memorised: Magic
                  | Dart, Searing Ray, Dazzling Flash, Fulminant Prism,
                  | Iskenderun's Mystic Blast.
     0 | D:1      | Reached XP level 1. HP: 15/15 MP: 0/0
   192 | D:1      | Reached skill level 1 in Fighting
   192 | D:1      | Reached XP level 2. HP: 21/22 MP: 0/0
   809 | D:1      | Reached XP level 3. HP: 25/27 MP: 0/0
   809 | D:1      | Learned a level 1 spell: Necrotise
  1662 | D:2      | Reached skill level 2 in Fighting
  1732 | D:2      | Identified the +3 robe of the Monkey's Uncle {rElec MP+9}
  2015 | D:2      | Reached XP level 4. HP: 23/33 MP: 0/0
  2925 | D:3      | Found a snail-covered altar of Cheibriados.
  2945 | D:3      | Found a white marble altar of Elyvilon.
  3062 | D:3      | Reached XP level 5. HP: 18/40 MP: 0/0
  3062 | D:3      | Learned a level 2 spell: Static Discharge
  3553 | D:3      | Reached skill level 3 in Fighting
  3794 | D:4      | Noticed Ijyb
  3808 | D:3      | Killed Ijyb
  4204 | D:4      | Found a hazy altar of Hepliaklqana.
  4275 | D:4      | Reached XP level 6. HP: 37/47 MP: 0/0
  4373 | D:4      | Found a runed translucent gate.
  4373 | D:4      | Found a runed translucent gate.
  4374 | D:4      | Found a runed translucent gate.
  4376 | D:4      | Noticed Icepheonix32's ghost (novice OpTm)
  4578 | D:4      | Found a shadowy altar of Dithmenos.
  4667 | D:5      | Entered Level 5 of the Dungeon
  4779 | D:5      | Reached skill level 4 in Fighting
  4871 | D:5      | Found a glowing drain.
  4946 | Sewer    | Entered a sewer
  5006 | Sewer    | Noticed a water moccasin
  5012 | Sewer    | Killed a water moccasin
  5013 | Sewer    | Reached XP level 7. HP: 43/53 MP: 0/0
  5013 | Sewer    | Learned a level 3 spell: Lesser Beckoning
  5170 | D:5      | Reached skill level 5 in Spellcasting
  5281 | D:5      | Reached skill level 5 in Fighting
  5511 | D:5      | Found a runed translucent door.
  5512 | D:5      | Noticed Crazy Yiuf
  6467 | D:6      | Reached XP level 8. HP: 37/61 MP: 0/0
  6865 | D:6      | Reached skill level 6 in Fighting
  7250 | D:6      | Found Epuuwnoriu's Vocational Training.
  7680 | D:7      | Noticed Maggie
  7715 | D:7      | Found a staircase to the Ecumenical Temple.
  7724 | Temple   | Entered the Ecumenical Temple
  8078 | D:7      | Noticed a vampire
  8084 | D:7      | Reached skill level 7 in Fighting
  8084 | D:7      | Reached XP level 9. HP: 40/68 MP: 0/0
  8084 | D:7      | Learned a level 4 spell: Passage of Golubria
  8111 | D:7      | HP: 2/68 [something (5)]
  8113 | D:7      | Slain by an unseen horror

Illustrated notes

Levels and vault maps discovered:
D:1:      dpeg_arrival_tiny_a, layout_basic, minmay_heptomino_w4
D:2:      layout_rooms, minmay_hedge_maze
D:3:      layout_basic, mainiacjoe_overflow_catwalk_spiral
D:4:      layout_rooms, nicolae_hepliaklqana_hazy_memory,
          mainiacjoe_overflow_chevrons, ebering_ghost_rock_garden, uniq_ijyb
D:5:      layout_loops_ring, portal_sewer_entry_b, nrook_pool_corridor,
          uniq_crazy_yiuf_cottage
D:6:      layout_basic, nicolae_shop_vocational
D:7:      minmay_the_grid_octo_triangle [minmay_the_grid_octo_tetromino_candy,
          minmay_the_grid_octo_prize_ultimate_mussel_roller,
          minmay_the_grid_octo_chip], layout_gridville,
          minmay_temple_entry_crystal_x, uniq_maggie
Temple:   regret_index_temple_generic_petals

Skill      XL: |  1  2  3  4  5  6  7  8  9 |
---------------+----------------------------+-----
Fighting       | 1 2 3 4 5 7 |  7.1
Spellcasting   | 4 5 6 |  6.4
Dodging        | 3 4 |  4.0
Stealth        | |  1.5

Action                   |  1- 3 |  4- 6 |  7- 9 || total
-------------------------+-------+-------+-------++-------
Melee: Dagger            |    17 |     6 |    25 ||    48
 Cast: Magic Dart        |    51 |    69 |    49 ||   169
       Searing Ray       |     7 |    36 |    27 ||    70
       Iskenderun's Myst |       |       |     3 ||     3
  Use: Scroll            |       |     5 |     9 ||    14
 Stab: Sleeping          |     3 |     4 |       ||     7
Armor: Leather armour    |     9 |     1 |       ||    10
       Robe              |       |    12 |    37 ||    49
Dodge: Dodged            |    11 |    27 |    30 ||    68
Block: Other             |     1 |    13 |     7 ||    21
       Reflection        |       |       |     1 ||     1
